 Dungeon Crawl Stone Soup version 0.28.0-47-ge53b351184 (webtiles) character file.

Game seed: 11336269984129978618

282 issech the Ducker (level 6, -3/61 HPs)
             Began as a Troll Fighter on Apr 27, 2022.
             Killed by nerve-wracking pain
             ... invoked by Grinder
              (12 damage)
             ... on level 3 of the Dungeon.
             The game lasted 00:07:38 (1912 turns).

issech the Ducker (Troll Fighter)                   Turns: 1912, Time: 00:07:39

Health: -3/61      AC: -8    Str: 25    XL:     6   Next: 6%
Magic:  5/5        EV:  9    Int:  4    God:
Gold:   30         SH:  8    Dex: 11    Spells: 5/5 levels left

rFire   . . .      SeeInvis .   k - +2 hand axe (vorpal)
rCold   . . .      Faith    .   c - +0 kite shield
rNeg    . . .      Spirit   .   b - +0 robe
rPois   .          Reflect  .   (helmet restricted)
rElec   .          Harm     .   (no cloak)
rCorr   .          Rampage  .   (gloves unavailable)
Will    .....                   (boots unavailable)
Stlth   +.........              (no amulet)
HPRegen 1.00/turn               (no ring)
MPRegen 0.09/turn               (no ring)

@: corroded
A: large, unfitting armour, claws 3, regeneration 1, shaggy fur 1, tough skin 1
a: no special abilities


You were on level 3 of the Dungeon.
You visited 1 branch of the dungeon, and saw 3 of its levels.

You collected 30 gold pieces.

Inventory:

Hand Weapons
 a - a +0 flail
 k - a +2 vorpal hand axe (weapon)
 o - a +0 giant club
Missiles
 e - 25 arrows
 l - 20 bolts
 p - 19 stones (quivered)
Armour
 b - a +0 robe (worn)
 c - a +0 kite shield (worn)
Scrolls
 f - a scroll of brand weapon {unknown}
 g - 3 scrolls of identify {unknown}
 h - a scroll of summoning {unknown}
 i - a scroll of magic mapping {unknown}
 j - a scroll of vulnerability {unknown}
 q - a scroll of enchant weapon {unknown}
 r - 2 scrolls of fear {unknown}
Potions
 d - a potion of might
 m - a potion of mutation {unknown}
 n - a potion of heal wounds {unknown}


   Skills:
 + Level 3.1 Fighting
 + Level 1.7(2.5) Axes
 + Level 3.1(3.4) Maces & Flails
 + Level 3.3 Dodging
 + Level 0.3 Stealth
 + Level 3.2 Shields


You had 5 spell levels left.
You didn't know any spells.
Your spell library was empty.

Dungeon Overview and Level Annotations

Branches:
Dungeon (3/15)

Altars:

Annotations:
D:3 Grinder


Innate Abilities, Weirdness & Mutations

You are too large for most types of armour.
You have claws for hands.
Your natural rate of healing is unusually fast.
You are covered in fur. (AC +1)
You have tough skin. (AC +1)


Message History

You hit the jelly but do no damage.
Your claws burn!
The jelly is heavily wounded.
The jelly hits you.
You are splashed with acid.
You hit the jelly but do no damage.
Your claws burn!
The jelly is heavily wounded.
You block the jelly's attack.
You hit the jelly.
Your claws burn!
The jelly is almost dead.
You block the jelly's attack. The jelly hits you.
You are splashed with acid.
* * * LOW HITPOINT WARNING * * *
You hit the jelly.
You kill the jelly!
You have reached level 6!
You feel stronger.
You hit the endoplasm.
The endoplasm is almost dead.
The endoplasm freezes you.
You are frozen.
* * * LOW HITPOINT WARNING * * *
Grinder blinks!
The endoplasm barely misses you. Grinder hits you!
* * * LOW HITPOINT WARNING * * *
You writhe in agony.
* * * LOW HITPOINT WARNING * * *
You barely miss Grinder. You hit the endoplasm but do no damage.
Grinder gestures at you.
You barely resist. The endoplasm freezes you.
You are frozen.
* * * LOW HITPOINT WARNING * * *
Grinder closely misses you.
Grinder blinks!
Grinder gestures at you. You resist with significant effort.
Grinder blinks!
Grinder gestures at you. You resist with significant effort.
Grinder gestures at you. Pain shoots through your body!
You die...

...# ######## #.# #.# ##<†
...# #.# #.# ####... .J.#
####.###.###...... ...#
######.....†......###..
.J.# ##......##..##..####
#.. ...# #..#.#.#.#.#.##.#
###
...#######.#.............#
............#.J.5...#.####
###########.....@>....#
#.#.......#.#
#..)........#
#.#.......### #..........#
#.#.#.#.#.## #.....#####
#######


You could see Grinder and an endoplasm.

Vanquished Creatures
  An ogre (D:2)
  A jelly (D:3)
  4 gnolls
  6 adders
  A worm (D:2)
  4 dart slugs
  9 endoplasms
  A giant cockroach (D:1)
  2 goblins
  4 hobgoblins
  8 jackals
  A kobold (D:1)
  4 quokkas
  2 ball pythons (D:1)
  5 bats
  2 frilled lizards
  5 rats
60 creatures vanquished.

Vanquished Creatures (others)
  14 plants (D:1)
14 creatures vanquished.

Grand Total: 74 creatures vanquished

Notes
Turn   | Place    | Note
-------+----------+-------------------------------------------
     0 | D:1      | issech the Troll Fighter began the quest for the Orb.
     0 | D:1      | Reached XP level 1. HP: 22/22 MP: 0/0
   183 | D:1      | Reached XP level 2. HP: 29/29 MP: 1/1
   385 | D:1      | Found a faded altar of an unknown god.
   459 | D:1      | Reached XP level 3. HP: 36/36 MP: 2/2
   898 | D:3      | Reached XP level 4. HP: 29/44 MP: 3/3
  1366 | D:2      | Reached XP level 5. HP: 50/52 MP: 4/4
  1742 | D:3      | Noticed an ogre
  1778 | D:2      | Killed an ogre
  1779 | D:2      | Reached skill level 1 in Axes
  1862 | D:3      | Noticed Grinder
  1903 | D:3      | Reached XP level 6. HP: 18/61 MP: 5/5
  1904 | D:3      | HP: 3/61 [Grinder (6)]
  1912 | D:3      | Killed from afar by Grinder

Illustrated notes

Levels and vault maps discovered:
D:1:      enne_arrival_octagon_isle, layout_basic,
          dilly_ecumenical_altar_fadedgnrine
D:2:      layout_loops_corners, minmay_splitting_lines, minmay_unequal
D:3:      layout_rooms, st_stairs_4, uniq_crazy_yiuf_cottage, uniq_grinder

Skill      XL: |  1  2  3  4  5 |
---------------+----------------+-----
Maces & Flails | 2 3 |  3.1
Dodging        | 3 |  3.3
Shields        | 3 |  3.2
Fighting       | 3 |  3.1
Axes           | 1 |  1.7
Stealth        | |  0.3

Action                   |  1- 3 |  4- 6 || total
-------------------------+-------+-------++-------
Melee: Flail             |   112 |    20 ||   132
       Hand axe          |       |    64 ||    64
       Unarmed           |       |     4 ||     4
 Stab: Sleeping          |     1 |       ||     1
Armor: Robe              |    42 |    22 ||    64
Dodge: Dodged            |    60 |    49 ||   109
Block: Kite shield       |    58 |    38 ||    96
